 Dungeon Crawl Stone Soup version 0.30.1-11-g7821555f0a (webtiles) character file.

Game seed: 872824965797097400

311 jagang the Slasher (level 6, -5/52 HPs)
             Began as a Barachi Monk on Dec 15, 2023.
             Slain by a bullfrog (6 damage)
             ... in a sewer.
             The game lasted 00:07:18 (2525 turns).

jagang the Slasher (Barachi Monk)                   Turns: 2525, Time: 00:07:19

Health: -5/52      AC:  3    Str: 12    XL:     6   Next: 42%
Magic:  6/6        EV: 13    Int: 11    God:
Gold:   28         SH:  0    Dex: 24    Spells: 5/5 levels left

rFire   . . .        o - +4 flail of the Inferno {flame, Contam *Noise rElec Dex+8}
rCold   . . .        d - orb {light}
rNeg    . . .        k - +0 leather armour
rPois   .            (no helmet)
rElec   +            (no cloak)
rCorr   .            (no gloves)
SInv    .            (no boots)
Will    .....        (no amulet)
Stlth   +            (no ring)
HPRegen 0.28/turn    (no ring)
MPRegen 0.10/turn

%: no passive effects
@: confused, ambrosia-drunk, unable to hop, glowing, slow
A: amphibious, slowness 1, strong legs 1, +LOS
a: Hop


You were in a sewer.
You visited 1 branch of the dungeon, and saw 3 of its levels.
You also visited: Sewer.

You collected 176 gold pieces.
You spent 148 gold pieces at shops.

Inventory:

Hand Weapons
 a - a +0 falchion
 o - the +4 flail of the Inferno (weapon) {flame, Contam *Noise rElec Dex+8}
   (You found it on level 2 of the Dungeon)

   Dex:       It affects your dexterity (+8).
   rElec:     It insulates you from electricity.
   *Noise:    It may make noises in combat.
   Contam:    It causes magical contamination when unequipped.
Missiles
 n - 2 boomerangs (quivered)
Armour
 d - an orb of light (worn)
 k - a +0 leather armour (worn)
Scrolls
 b - a scroll of amnesia {unknown}
 e - a scroll of immolation {unknown}
 f - a scroll of enchant armour {unknown}
 h - 3 scrolls of identify
 i - a scroll of teleportation {unknown}
 p - a scroll of enchant weapon {unknown}
 q - a scroll of vulnerability {unknown}
 r - a scroll of magic mapping {unknown}
 t - a scroll of fog {unknown}
 u - a scroll of poison {unknown}
Potions
 g - a potion of lignification {unknown}
 j - a potion of haste {unknown}
 l - 4 potions of curing
 m - 2 potions of might
 s - a potion of degeneration {unknown}


   Skills:
 * Level 5.9 Fighting
 * Level 6.0 Long Blades
 + Level 0.5 Throwing
 + Level 3.0 Armour
 - Level 3.2 Dodging


You had 5 spell levels left.
You didn't know any spells.
Your spell library contained the following spells:

 Spells                   Type           Power      Damage    Failure   Level
 Beastly Appendage        Tmut           0%         N/A       41%         1
 Slow                     Hex            0%         N/A       41%         1
 Wereblood                Tmut           0%         N/A       56%         2
 Confusing Touch          Hex            0%         N/A       80%         3
 Spider Form              Tmut/Pois      0%         N/A       80%         3
 Vampiric Draining        Necr           0%         2d6       80%         3


Dungeon Overview and Level Annotations

Branches:
Dungeon (3/15)              Sewer (1/1)

Altars:

Shops:
D:3 [?!:


Innate Abilities, Weirdness & Mutations

You are amphibious.
You cover ground slowly.
You can hop short distances.
You have an extended range of vision and can be seen from far away.


Message History

The bullfrog hits you but does no damage.
The bullfrog misses you.
You hit the bullfrog. You burn the bullfrog.
Your flail of the Inferno swears.
The bullfrog is lightly wounded.
The bullfrog hits you. x2
A quokka comes into view.
The bullfrog barely misses you. x2
You sock the bullfrog! You burn the bullfrog.
The bullfrog is severely wounded.
The bullfrog hits you! The bullfrog hits you. x2
The bullfrog hits you but does no damage.
The bullfrog closely misses you. The bullfrog misses you.
You hit the bullfrog. You burn the bullfrog.
The bullfrog is severely wounded.
The bullfrog hits you. x2
* * * LOW HITPOINT WARNING * * *
The bullfrog hits you.
* * * LOW HITPOINT WARNING * * *
The bullfrog barely misses you.
Hop to where?
Press: ? - help, Dir - move target Floosh!
You fall into the shallow water.
Boing!
Throw: 2 boomerangs
Press: ? - help, Q - select action, (/) - cycle Shift-Dir - straight line, f - bullfrog
Aim: a bullfrog (severely wounded, haloed, 76% to hit)
You throw a boomerang. The boomerang hits the bullfrog.
The bullfrog is almost dead.
The bullfrog hits you but does no damage.
You are confused.
You feel invigorated. The bullfrog hits you!
* * * LOW HITPOINT WARNING * * *
The bullfrog barely misses you. x2
The bullfrog hits you.
* * * LOW HITPOINT WARNING * * *
The bullfrog hits you.
* * * LOW HITPOINT WARNING * * *
The bullfrog hits you.
You die...

~~~##~~~##≈~~..~~~ ##~~~##†~~#
~~†#~~.~#≈~~.[$[. #~~~.#†~~#
.~~#~.~~#~~.?$?. #.~~~#~~.#
..~#~~.~#~~~~$B #~~~~#.~.#
~~~##~~†#~~~.~ ##.~~##~.~#
~~~~#~~.#.~.~ ##.~..#~~~~#
#.~~##.†##~~# ###.~.~##~~.##
#~~.~##~~#~.#######~~~~.##~~~~#
##~~~~#~.##~B.SF@†~~~~###~.~~##
##~~~~~~~#..~rF.~.####.~~~~##
####~~~#######~∩.#.~.~~~~##
##~.#~~~~.#####..~~#####
####~..~~.~.††~####~~∩#
#~~~#########~...~##
#~~~~~~~~~~~†.∩.###
#~~~~~~~~...##### #############


You could see 2 bullfrogs, a quokka, a giant cockroach and a ball python.

Vanquished Creatures
  Sigmund (D:2)
  5 adders
  A worm (D:2)
  A dart slug (D:1)
  4 orcs (D:3)
  4 bats (D:2)
  13 endoplasms
  11 giant cockroaches
  2 goblins
  4 hobgoblins
  4 jackals (D:1)
  3 kobolds
  5 quokkas
  10 ball pythons
  8 frilled lizards
  4 rats
80 creatures vanquished.

Notes
Turn   | Place    | Note
-------+----------+-------------------------------------------
     0 | D:1      | jagang the Barachi Monk began the quest for the Orb.
     0 | D:1      | Reached XP level 1. HP: 18/18 MP: 1/1
   543 | D:1      | Reached XP level 2. HP: 25/25 MP: 2/2
   697 | D:1      | Reached skill level 4 in Long Blades
   706 | D:1      | Reached skill level 1 in Armour
  1056 | D:2      | Noticed Sigmund
  1068 | D:2      | Killed Sigmund
  1069 | D:2      | Reached skill level 5 in Fighting
  1069 | D:2      | Reached skill level 5 in Long Blades
  1069 | D:2      | Reached XP level 3. HP: 12/33 MP: 3/3
  1069 | D:2      | Reached XP level 4. HP: 14/39 MP: 4/4
  1069 | D:2      | Reached XP level 5. HP: 16/44 MP: 5/5
  1303 | D:2      | Identified the +4 flail of the Inferno {flame, Contam
                  | *Noise rElec Dex+8}
  1478 | D:2      | Reached XP level 6. HP: 47/51 MP: 6/6
  1650 | D:2      | Identified the +1 leather armour of Voit {*Corrode +Inv
                  | rElec rN+}
  1926 | D:3      | Found Isheoder's Distillery.
  1935 | D:3      | Bought a potion of curing for 36 gold pieces
  1935 | D:3      | Bought a potion of curing for 36 gold pieces
  1935 | D:3      | Bought a potion of might for 48 gold pieces
  1957 | D:3      | Found Kaots's Magic Scroll Shoppe.
  1973 | D:3      | Bought a scroll of identify for 28 gold pieces
  2003 | D:3      | Found Icsitar's Antique Armour Shoppe.
  2226 | D:3      | Found Zuluex's Book Shoppe.
  2275 | D:3      | Found a glowing drain.
  2280 | Sewer    | Entered a sewer
  2498 | Sewer    | Reached skill level 6 in Long Blades
  2525 | Sewer    | HP: 1/52 [bullfrog (5)]
  2525 | Sewer    | Slain by a bullfrog

Illustrated notes

Levels and vault maps discovered:
D:1:      dpeg_arrival_rhombi, layout_loops_corners
D:2:      layout_loops_ring, st_stairs_2, kennysheep_generic_room_2,
          uniq_sigmund
D:3:      layout_rooms, mainiacjoe_overflow_six_doors_small,
          lightli_sewer_entry_pipes, serial_shops, shop, shop, shop, shop,
          nicolae_square_shop
Sewer:    sewer_frog_island_02

Skill      XL: |  1  2  3  4  5  6 |
---------------+-------------------+-----
Fighting       | 5 |  5.9
Long Blades    | 5 6 |  6.0
Armour         | 2 3 |  3.0
Throwing       | |  0.5
Dodging        | |  3.2

Action                     |  1- 3 |  4- 6 || total
---------------------------+-------+-------++-------
  Melee: Falchion          |    44 |    32 ||    76
         Flail             |       |    75 ||    75
  Throw: Boomerang         |       |     9 ||     9
Ability: Hop               |     1 |     2 ||     3
    Use: Potion            |       |     1 ||     1
   Stab: Sleeping          |       |     2 ||     2
 Armour: Robe              |     3 |       ||     3
         Leather armour    |     1 |    25 ||    26
  Dodge: Dodged            |    20 |    87 ||   107
